SA
PROVO MANGO @ BELLEVUE BRUINS
05/28/2031
 
TOP OF THE 1ST
Provo Mango batting - Pitching for Bellevue Bruins : LHP Júlio Díaz
Pitching: LHP Júlio Díaz
Batting: LHB Tom Haymon 0-0: Ball
1-0: Called Strike
1-1: Foul Ball, location: 2F
1-2: Ball
2-2: Foul Ball, location: 2F
2-2: Foul Ball, location: 2F
2-2: Ball
3-2: Strikes out swinging
Batting: RHB Gerardo Vázquez 0-0: Ball
1-0: Ball
2-0: Foul Ball, location: 2F
2-1: Foul Ball, location: 2F
2-2: Ball
3-2: Strikes out swinging
Batting: RHB Mario van Heijbeeck 0-0: Ball
1-0: Ground out 6-3 (Groundball, 6)
Top of the 1st over - 0 runs, 0 hits, 0 errors, 0 left on base; Provo 0 - Bellevue 0
BOTTOM OF THE 1ST
Bellevue Bruins batting - Pitching for Provo Mango : RHP Dennis Blanchard
Pitching: RHP Dennis Blanchard
Batting: LHB David Muller 0-0: Ball
1-0: Ball
2-0: Ball
3-0: Called Strike
3-1: Foul Ball, location: 2F
3-2: Base on Balls
Batting: RHB Félix Sánchez Pickoff Throw to First - Out!
0-0: Called Strike
0-1: Foul Ball, location: 2F
0-2: Strikes out swinging
Batting: LHB Vicente Gonzáles 0-0: Ball
1-0: Foul Ball, location: 2F
1-1: Ball
2-1: Ball
3-1: Ground out 3-1 (Groundball, 34S)
Bottom of the 1st over - 0 runs, 0 hits, 0 errors, 0 left on base; Provo 0 - Bellevue 0
TOP OF THE 2ND
Provo Mango batting - Pitching for Bellevue Bruins : LHP Júlio Díaz
Batting: RHB Quindarious Monday 0-0: Ball
1-0: Ball
2-0: Called Strike
2-1: Ball
3-1: Ground out U3 (Groundball, 3)
Batting: RHB Shihei Kichikawa 0-0: Called Strike
0-1: Ball
1-1: Ball
2-1: Foul Ball, location: 2F
2-2: Foul Ball, location: 2F
2-2: Ball
3-2: SINGLE (Flyball, 7S)
Batting: RHB Alfonso Cabedo 0-0: Called Strike
Shihei Kichikawa steals 2nd base
0-1: Called Strike
0-2: Ball
1-2: Foul Ball, location: 2F
1-2: Ball
2-2: Ball
3-2: Strikes out swinging
Batting: RHB Sun-jae Kwak 0-0: Ball
1-0: SINGLE (Groundball, 6MD)
Shihei Kichikawa to third
Runner from 3rd tries for Home, SAFE, throw made home
Batting: RHB Yo Tu Pickoff Throw to First - Error! E1
Sun-jae Kwak to second
0-0: Called Strike
0-1: Ground out 5-3 (Groundball, 56)
Top of the 2nd over - 1 run, 2 hits, 1 error, 1 left on base; Provo 1 - Bellevue 0
BOTTOM OF THE 2ND
Bellevue Bruins batting - Pitching for Provo Mango : RHP Dennis Blanchard
Batting: RHB Oki Hai 0-0: Ball
1-0: Ball
2-0: Ball
3-0: Base on Balls
Batting: SHB Julián Valentín 0-0: Ball
1-0: Called Strike
1-1: DOUBLE (Flyball, 78D)
Oki Hai to third
Batting: LHB Datu Lesaca 0-0: Ball
1-0: Foul Ball, location: 2F
1-1: Foul Ball, location: 2F
1-2: Fly out, F9 (Line Drive, 9)
Batting: RHB Edgar Rogers 0-0: Ball
1-0: Called Strike
1-1: Foul Ball, location: 2F
1-2: Ball
2-2: Strikes out looking
Batting: SHB Jin-yong Ch'oe 0-0: Ball
Passed Ball!
Oki Hai scores
Julián Valentín to third
1-0: Ball
2-0: Foul Ball, location: 2F
2-1: Ground out 4-3 (Groundball, 34)
Bottom of the 2nd over - 1 run, 1 hit, 0 errors, 1 left on base; Provo 1 - Bellevue 1
TOP OF THE 3RD
Provo Mango batting - Pitching for Bellevue Bruins : LHP Júlio Díaz
Batting: RHB Xi-ku See-to 0-0: Fly out, F9 (Flyball, 9D)
Batting: LHB Tom Haymon 0-0: Ball
1-0: Ball
2-0: Ball
3-0: Called Strike
3-1: Base on Balls
Batting: RHB Gerardo Vázquez 0-0: Fielders Choice at 2nd, 1-6 (Groundball, P)
Batting: RHB Mario van Heijbeeck 0-0: SINGLE (Line Drive, 8RS)
Gerardo Vázquez to second
Batting: RHB Quindarious Monday 0-0: Ball
1-0: Foul Ball, location: 2F
1-1: 3-RUN HOME RUN (Flyball, 7D), Distance : 420 ft
Batting: RHB Shihei Kichikawa 0-0: Ball
1-0: Called Strike
1-1: Ground out 6-3 (Groundball, 6)
Top of the 3rd over - 3 runs, 2 hits, 0 errors, 0 left on base; Provo 4 - Bellevue 1
BOTTOM OF THE 3RD
Bellevue Bruins batting - Pitching for Provo Mango : RHP Dennis Blanchard
Batting: RHB Mark Merry 0-0: Called Strike
0-1: Fly out, F8 (Flyball, 8RM)
Batting: LHB David Muller 0-0: Ball
1-0: Ball
2-0: Called Strike
2-1: SINGLE (Line Drive, 3D)
Batting: RHB Félix Sánchez 0-0: Foul Ball, location: 2F
0-1: Called Strike
0-2: Ball
1-2: Grounds into double play, 6-4-3 (Groundball, 6)
Bottom of the 3rd over - 0 runs, 1 hit, 0 errors, 0 left on base; Provo 4 - Bellevue 1
TOP OF THE 4TH
Provo Mango batting - Pitching for Bellevue Bruins : LHP Júlio Díaz
Batting: RHB Alfonso Cabedo 0-0: Called Strike
0-1: Foul Ball, location: 2F
0-2: SINGLE (Line Drive, 34D)
Batting: RHB Sun-jae Kwak 0-0: Ball
1-0: Ball
2-0: Foul Ball, location: 2F
2-1: Called Strike
2-2: Strikes out swinging
Batting: RHB Yo Tu 0-0: Foul Ball, location: 2F
0-1: Ball
1-1: Fly out, F8 (Line Drive, 8RS)
Batting: RHB Xi-ku See-to 0-0: Called Strike
0-1: Foul Ball, location: 2F
0-2: Ball
1-2: Ball
2-2: Ball
3-2: Strikes out swinging
Top of the 4th over - 0 runs, 1 hit, 0 errors, 1 left on base; Provo 4 - Bellevue 1
BOTTOM OF THE 4TH
Bellevue Bruins batting - Pitching for Provo Mango : RHP Dennis Blanchard
Batting: LHB Vicente Gonzáles 0-0: Ball
1-0: Fly out, F4 (Line Drive, 4)
Batting: RHB Oki Hai 0-0: Swinging Strike
0-1: Foul Ball, location: 2F
0-2: Ball
1-2: SINGLE (Line Drive, 8RS)
Batting: SHB Julián Valentín 0-0: Ball
1-0: Fly out, F8 (Flyball, 8RD)
Batting: LHB Datu Lesaca 0-0: Called Strike
Oki Hai steals 2nd base
0-1: Fly out, F9 (Flyball, 9LDF)
Bottom of the 4th over - 0 runs, 1 hit, 0 errors, 1 left on base; Provo 4 - Bellevue 1
TOP OF THE 5TH
Provo Mango batting - Pitching for Bellevue Bruins : LHP Júlio Díaz
Batting: LHB Tom Haymon 0-0: Ball
1-0: Foul Ball, location: 2F
1-1: Swinging Strike
1-2: Foul Ball, location: 2F
1-2: Ball
2-2: Foul Ball, location: 2F
2-2: Ball
3-2: Fly out, F8 (Flyball, 8RD)
Batting: RHB Gerardo Vázquez 0-0: Called Strike
0-1: Ball
1-1: Foul Ball, location: 2F
1-2: Strikes out swinging
Batting: RHB Mario van Heijbeeck 0-0: Called Strike
0-1: Fly out, F7 (Flyball, 78D)
Top of the 5th over - 0 runs, 0 hits, 0 errors, 0 left on base; Provo 4 - Bellevue 1
BOTTOM OF THE 5TH
Bellevue Bruins batting - Pitching for Provo Mango : RHP Dennis Blanchard
Batting: RHB Edgar Rogers 0-0: Foul Ball, location: 2F
0-1: Foul Ball, location: 2F
0-2: Strikes out swinging
Batting: SHB Jin-yong Ch'oe 0-0: Swinging Strike
0-1: Ball
1-1: Foul Ball, location: 2F
1-2: Fly out, F4 (Line Drive, 34)
Batting: RHB Mark Merry 0-0: Ball
1-0: Ball
2-0: Called Strike
2-1: SINGLE (Groundball, 6MD)
Batting: LHB David Muller 0-0: Foul Ball, location: 2F
0-1: Foul Ball, location: 2F
0-2: Ball
1-2: Foul Ball, location: 2F
1-2: Ball
2-2: Foul Ball, location: 2F
2-2: Fly out, F4 (Popup, 4M)
Bottom of the 5th over - 0 runs, 1 hit, 0 errors, 1 left on base; Provo 4 - Bellevue 1
TOP OF THE 6TH
Provo Mango batting - Pitching for Bellevue Bruins : LHP Júlio Díaz
Batting: RHB Quindarious Monday 0-0: Foul Ball, location: 2F
0-1: Ball
1-1: Fly out, F6 (Line Drive, 6M)
Batting: RHB Shihei Kichikawa 0-0: Ball
1-0: Ball
2-0: Called Strike
2-1: Foul Ball, location: 2F
2-2: Foul Ball, location: 2F
2-2: Strikes out swinging
Batting: RHB Alfonso Cabedo 0-0: Called Strike
0-1: Swinging Strike
0-2: Ball
1-2: Foul Ball, location: 2F
1-2: Foul Ball, location: 2F
1-2: Ball
2-2: Ball
3-2: Foul Ball, location: 2F
3-2: Foul Ball, location: 2F
3-2: SINGLE (Groundball, 6S) (infield hit)
Batting: RHB Sun-jae Kwak 0-0: Foul Ball, location: 2F
0-1: Ball
1-1: Ball
Wild Pitch!
Alfonso Cabedo to second
2-1: Swinging Strike
2-2: Strikes out swinging
Top of the 6th over - 0 runs, 1 hit, 0 errors, 1 left on base; Provo 4 - Bellevue 1
BOTTOM OF THE 6TH
Bellevue Bruins batting - Pitching for Provo Mango : RHP Dennis Blanchard
Batting: RHB Félix Sánchez 0-0: Ball
1-0: Swinging Strike
1-1: Fly out, F8 (Flyball, 8RS)
Batting: LHB Vicente Gonzáles 0-0: Ball
1-0: Called Strike
1-1: Ground out 4-3 (Groundball, 4S)
Batting: RHB Oki Hai 0-0: Ball
1-0: Called Strike
1-1: Foul Ball, location: 2F
1-2: Strikes out swinging
Bottom of the 6th over - 0 runs, 0 hits, 0 errors, 0 left on base; Provo 4 - Bellevue 1
TOP OF THE 7TH
Provo Mango batting - Pitching for Bellevue Bruins : LHP Júlio Díaz
Batting: RHB Yo Tu 0-0: Ball
1-0: Fly out, F9 (Flyball, 9)
Batting: RHB Xi-ku See-to 0-0: Ball
1-0: Ground out 5-3 (Groundball, 56S)
Batting: LHB Tom Haymon 0-0: Ball
1-0: Foul Ball, location: 2F
1-1: Foul Ball, location: 2F
1-2: Foul Ball, location: 2F
1-2: Ball
2-2: Fly out, F8 (Flyball, 89D)
Top of the 7th over - 0 runs, 0 hits, 0 errors, 0 left on base; Provo 4 - Bellevue 1
BOTTOM OF THE 7TH
Bellevue Bruins batting - Pitching for Provo Mango : RHP Dennis Blanchard
Batting: SHB Julián Valentín 0-0: Swinging Strike
0-1: Ball
1-1: Swinging Strike
1-2: Ball
2-2: Ball
3-2: Foul Ball, location: 2F
3-2: Base on Balls
Batting: LHB Datu Lesaca 0-0: Called Strike
0-1: TRIPLE (Flyball, 8RXD)
Julián Valentín scores
Batting: RHB Edgar Rogers 0-0: Ball
1-0: Foul Ball, location: 2F
1-1: Ball
Wild Pitch!
Datu Lesaca scores
2-1: Foul Ball, location: 2F
2-2: Strikes out swinging
Batting: SHB Jin-yong Ch'oe 0-0: DOUBLE (Groundball, 3L)
Batting: RHB Mark Merry 0-0: Ground out U3 (Groundball, 34S)
Jin-yong Ch'oe to third
Batting: LHB David Muller 0-0: Called Strike
0-1: Ball
1-1: Ball
2-1: SINGLE (Groundball, 34D)
Jin-yong Ch'oe scores
Pinch Hitting: SHB Paul Maddox 0-0: Ball
David Muller steals 2nd base
1-0: Ball
2-0: Called Strike
2-1: SINGLE (Line Drive, 9S)
David Muller to third
Runner from 3rd tries for Home, SAFE, throw made home
Pitching: LHP Ed Mowbray
Batting: LHB Vicente Gonzáles 0-0: Ball
1-0: Ground out 4-3 (Groundball, 4D)
Bottom of the 7th over - 4 runs, 4 hits, 0 errors, 1 left on base; Provo 4 - Bellevue 5
TOP OF THE 8TH
Provo Mango batting - Pitching for Bellevue Bruins : LHP Júlio Díaz
Pitching: LHP Christian Clayton
Now at 1B: Todd Albrecht
Now at 2B: Paul Maddox
Batting: RHB Gerardo Vázquez 0-0: Called Strike
0-1: Foul Ball, location: 2F
0-2: Ball
1-2: Foul Ball, location: 2F
1-2: Strikes out swinging
Batting: RHB Mario van Heijbeeck 0-0: Foul Ball, location: 2F
0-1: Swinging Strike
0-2: Foul Ball, location: 2F
0-2: Ball
1-2: Ball
2-2: Ball
3-2: Foul Ball, location: 2F
3-2: Base on Balls
Pitching: RHP Caodong Liu
Batting: RHB Quindarious Monday 0-0: Ball
1-0: Ball
2-0: Called Strike
2-1: Called Strike
2-2: Ball
3-2: SINGLE (Flyball, 8RS)
Mario van Heijbeeck to second
Runner from 2nd tries for 3rd, SAFE, no throw
Batting: RHB Shihei Kichikawa 0-0: Ball
1-0: Fly out, F5 (Popup, 5SF)
Pinch Hitting: LHB Ling Li 0-0: Ball
1-0: Foul Ball, location: 2F
1-1: Ball
2-1: Ball
3-1: Swinging Strike
3-2: Fly out, F8 (Flyball, 8LD)
Top of the 8th over - 0 runs, 1 hit, 0 errors, 2 left on base; Provo 4 - Bellevue 5
BOTTOM OF THE 8TH
Bellevue Bruins batting - Pitching for Provo Mango : LHP Ed Mowbray
Now at 1B: Ling Li
Batting: RHB Oki Hai 0-0: Called Strike
0-1: Called Strike
0-2: Ball
1-2: Ball
2-2: Foul Ball, location: 2F
2-2: Strikes out swinging
Batting: SHB Julián Valentín 0-0: Called Strike
0-1: Ball
1-1: Ball
2-1: SINGLE (Line Drive, 3D)
Pinch Hitting: RHB Pedro Hernández 0-0: Called Strike
0-1: Foul Ball, location: 2F
0-2: Foul Ball, location: 2F
0-2: Strikes out looking
Batting: RHB Edgar Rogers 0-0: Called Strike
0-1: Ball
1-1: Foul Ball, location: 2F
1-2: Ball
2-2: Ball
3-2: Foul Ball, location: 2F
3-2: Base on Balls
Julián Valentín to second
Pinch Hitting: SHB Joel Field 0-0: Called Strike
0-1: Ball
1-1: Fly out, F7 (Flyball, 78M)
Bottom of the 8th over - 0 runs, 1 hit, 0 errors, 2 left on base; Provo 4 - Bellevue 5
TOP OF THE 9TH
Provo Mango batting - Pitching for Bellevue Bruins : RHP Caodong Liu
Pitching: LHP Paco Salazar
Now at SS: Pedro Hernández
Now in CF: Melvin Daniels
Batting: RHB Sun-jae Kwak 0-0: Called Strike
0-1: Called Strike
0-2: Ground out 5-3 (Groundball, 56S)
Batting: RHB Yo Tu 0-0: Called Strike
0-1: Foul Ball, location: 2F
0-2: SINGLE (Groundball, 56D)
Batting: RHB Xi-ku See-to 0-0: Ball
1-0: Called Strike
1-1: Swinging Strike
1-2: Strikes out swinging
Pinch Hitting: RHB Guillermo Carrizales 0-0: Called Strike
0-1: Swinging Strike
0-2: Ball
1-2: Strikes out swinging
Top of the 9th over - 0 runs, 1 hit, 0 errors, 1 left on base; Provo 4 - Bellevue 5
Tuesday, June 12th, 2018 - OOTP Baseball 18.8 Build 76